 Dungeon Crawl Stone Soup version 0.19.1 (webtiles) character file.

21261 nikopol the Cleaver (level 12, -2/115 HPs)
             Began as a Gargoyle Berserker on Dec 24, 2016.
             Was a High Priest of Trog.
             Slain by a minotaur
             ... wielding a +1 rod of inaccuracy (1/9)
              (6 damage)
             ... in a labyrinth on Dec 25, 2016.
             The game lasted 01:01:26 (15515 turns).

nikopol the Cleaver (Gargoyle Berserker)           Turns: 15515, Time: 01:01:27

Health: -2/115     AC: 27    Str: 28    XL:     12   Next: 88%
Magic:  12/12      EV: 16    Int: 12    God:    Trog [*****.]
Gold:   1021       SH:  0    Dex: 20    Spells: 0 memorised, 11 levels left

rFire  + + .     SeeInvis .     Z - +0 battleaxe (drain)
rCold  . . .     Gourm    +     Q - +5 scale mail "Ciri" {-Cast rF++ Int+4 Dex+4}
rNeg   + . .     Faith    .     (shield currently unavailable)
rPois  ∞         Spirit   .     (no helmet)
rElec  +         Reflect  .     K - +0 cloak (curse)
rCorr  .         Harm     .     t - +1 pair of gloves
MR     +....     NoCast   +     d - +0 pair of boots
Stlth  ..........               n - amulet of the gourmand
                                S - ring of protection from magic
                                L - +4 ring of dexterity

@: berserking, very quick
A: negative energy resistance 1, electricity resistance, unbreathing,
petrification resistance, rot immunity, AC +8
a: Berserk, Trog's Hand, Brothers in Arms, Burn Spellbooks, Renounce Religion


You were in a labyrinth.
You worshipped Trog.
Trog was extremely pleased with you.
You were near starving.

You visited 2 branches of the dungeon, and saw 13 of its levels.
You also visited: Labyrinth, Ossuary and Ice Cave.

You collected 1021 gold pieces.

Inventory:

Hand Weapons
 a - a +1 hand axe
 z - a +2 longbow of freezing
 B - a +0 shortbow
 Z - a +0 battleaxe of draining (weapon)
Missiles
 y - 121 arrows (quivered)
Armour
 d - a +0 pair of boots (worn)
 p - the +1 pair of boots "Okhuet" {*Contam rPois rF+++ Stlth+, unknown}
   (You found it in a labyrinth)

   It renders you almost immune to fire.
   It protects you from poison.
   It causes magical contamination when unequipped.
   It makes you more stealthy.
 q - the +3 ring mail "Zetaeg" {Slay+2}
   (You found it on level 4 of the Dungeon)

   It affects your accuracy and damage with ranged weapons and melee attacks
   (+2).
 t - a +1 pair of gloves (worn)
 K - a cursed +0 cloak (worn)
 Q - the +5 scale mail "Ciri" (worn) {-Cast rF++ Int+4 Dex+4}
   (You found it in an ice cave)

   It affects your intelligence (+4).
   It affects your dexterity (+4).
   It greatly protects you from fire.
   It prevents spellcasting.
Jewellery
 b - an uncursed ring of protection from fire
 n - an amulet of the gourmand (around neck)
 A - an uncursed ring of flight
 L - a +4 ring of dexterity (left hand)
 S - a ring of protection from magic (right hand)
 V - a +5 ring of protection {unknown}
Wands
 v - a wand of digging (24/24)
 C - a wand of teleportation (5/9)
 J - a wand of lightning (7/15)
 O - a wand of teleportation (4/9)
 R - a wand of random effects (19/48)
 T - a wand of lightning (6/15)
 Y - a wand of polymorph (9/24)
Scrolls
 g - 4 scrolls of fear
 h - 4 scrolls of teleportation
 k - 5 scrolls of remove curse
 l - 3 scrolls of recharging
 r - a scroll of blinking
 u - 5 scrolls of enchant armour
 D - 6 scrolls of magic mapping
 F - a scroll of summoning {unknown}
 N - 4 scrolls of identify
 U - a scroll of enchant weapon
 W - a scroll of immolation {unknown}
Potions
 e - 2 potions of might
 f - a potion of flight
 i - 3 potions of heal wounds
 o - 8 potions of curing
 s - 3 potions of agility
 w - 2 potions of degeneration {unknown}
 x - 2 potions of cure mutation {unknown}
 E - a potion of mutation {unknown}
 G - a potion of ambrosia {unknown}
 H - 3 potions of cancellation {unknown}
 I - a potion of resistance {unknown}
 M - 3 potions of brilliance {unknown}
 P - 2 potions of berserk rage {unknown}
 X - a potion of beneficial mutation {unknown}
Comestibles
 c - 12 bread rations
 j - 34 fruits
 m - 2 beef jerkies


   Skills:
 + Level 10.2 Fighting
 * Level 10.7 Axes
 * Level 9.1 Bows
 + Level 10.0 Armour
 + Level 7.8 Dodging


You had 11 spell levels left.
You didn't know any spells.

Dungeon Overview and Level Annotations

Branches:
Dungeon (9/15)             Temple (0/1) D:7            Lair (4/6) D:9
  Swamp (0/4) Lair:3       Spider (0/4) Lair:4
    Orc: D:9-12

Altars:
Cheibriados
Elyvilon
Hepliaklqana
Kikubaaqudgha
Makhleb
Nemelex Xobeh
Okawaru
Qazlal
Sif Muna
Uskayaw
Yredelemnul
Zin

Shops:
D:4 }   D:8 (


Innate Abilities, Weirdness & Mutations

You are resistant to torment.
Your stone body is resilient. (AC +8)
You are immune to poison.
You resist negative energy. (rN+)
You are resistant to electric shocks. (rElec)
You can survive without breathing.
You are immune to petrification.
You are immune to rotting.


Message History

The minotaur hits you with a rod of inaccuracy.
* * * LOW HITPOINT WARNING * * *
The minotaur gores you but does no damage.
You hit the minotaur but do no damage. You drain the minotaur!
The minotaur is lightly wounded.
The minotaur closely misses you. The minotaur gores you.
* * * LOW HITPOINT WARNING * * *
The minotaur hits you with a rod of inaccuracy!
* * * LOW HITPOINT WARNING * * *
The minotaur gores you but does no damage.
You slice the minotaur!! You drain the minotaur!
The minotaur is heavily wounded.
The minotaur zaps a wand.
The minotaur looks slightly unstable.
You catch the helpless minotaur completely off-guard!
You slash the minotaur! You drain the minotaur!
The minotaur is almost dead.
The minotaur hits you with a rod of inaccuracy.
* * * LOW HITPOINT WARNING * * *
The minotaur gores you.
You die...

.. . #
# . #
# #.#
# # .
.. #
.. ..
. #
#####
# #
#8<8#
#
#)@÷#
#8H8#
#).÷#
#8.8#.
#
#../#
.
#8.8#
.
##'##
#.. .
# #..
. .


You could see a minotaur.

Vanquished Creatures
  Pikel (D:5)
  2 ugly things (IceCv)
  3 ice statues (IceCv)
  4 black mambas
  3 elephants (Lair:3)
  6 spiny frogs
  Psyche (D:8)
  2 komodo dragons (Lair:2)
  A rime drake (Lair:4)
  2 tyrant leeches (Lair:3)
  Prince Ribbit (D:7)
  3 hippogriffs (Lair:2)
  11 blink frogs
  A spriggan (D:7)
  2 wyverns
  3 redbacks (Lab)
  2 basilisks (Lab)
  12 yaks
  6 hungry ghosts
  Menkaure (D:5)
  4 water moccasins
  5 porcupines
  2 hell hounds (Lair:1)
  3 orc warriors
  2 slaves (D:5)
  4 sky beasts
  A hornet zombie (D:6)
  7 ice beasts
  An ogre (D:6)
  6 wolves (Lair:3)
  2 phantoms
  A centaur (D:6)
  6 crocodiles
  10 bullfrogs
  An earth elemental (Lab)
  3 water moccasin zombies (Ossuary)
  A scorpion (D:9)
  11 killer bees
  4 wights (D:9)
  2 howler monkeys
  4 lava snakes (Lab)
  A bullfrog zombie (D:5)
  4 crimson imps
  3 hounds
  4 orc priests
  Crazy Yiuf (D:3)
  A centaur skeleton (D:6)
  2 bullfrog skeletons
  2 jellies
  3 iguanas
  6 orc wizards
  9 worker ants
  2 big kobold zombies (Ossuary)
  An ogre skeleton (Lab)
  A hound zombie (D:5)
  3 mummies
  2 worker ant zombies
  3 gnolls (D:2)
  18 adders
  A shadow imp (D:6)
  An ooze (D:3)
  6 adder zombies
  3 worms
  9 leopard geckos
  35 orcs
  10 bats
  3 giant cockroaches
  6 gnoll zombies (Ossuary)
  11 goblins
  2 hobgoblins (D:1)
  9 jackals
  5 quokkas
  2 ball pythons (D:4)
  A frilled lizard (D:5)
  A hobgoblin zombie (Ossuary)
  13 kobolds
  4 kobold zombies (Ossuary)
  A leopard gecko skeleton (D:4)
  4 orc zombies (Ossuary)
  7 rats
  3 fungi
  A plant (Lair:3)
351 creatures vanquished.

Vanquished Creatures (others)
  A frilled lizard (D:5)
  A fungus (Lair:2)
  A plant (Lair:2)
3 creatures vanquished.

Grand Total: 354 creatures vanquished

Notes
Turn   | Place    | Note
-------+----------+-------------------------------------------
     0 | D:1      | nikopol the Gargoyle Berserker began the quest for the Orb.
     0 | D:1      | Reached XP level 1. HP: 14/14 MP: 1/1
   112 | D:1      | Reached XP level 2. HP: 15/19 MP: 2/2
   389 | D:1      | Reached XP level 3. HP: 23/23 MP: 3/3
   755 | D:2      | You fall through a shaft for 2 floors!
   773 | D:4      | Got an ancient ring mail
   784 | D:4      | Identified the +3 ring mail "Zetaeg" {Slay+2} (You found it on level 4 of the Dungeon)
   847 | D:2      | Found a stormy altar of Qazlal.
   956 | D:2      | Reached ** piety under Trog
  1020 | D:2      | Reached XP level 4. HP: 23/29 MP: 4/4
  1170 | D:2      | Found a sparkling altar of Nemelex Xobeh.
  1350 | D:3      | Found a glowing silver altar of Zin.
  1403 | D:3      | Reached XP level 5. HP: 33/33 MP: 5/5
  1530 | D:3      | You fall through a shaft!
  1662 | D:4      | Found a deep blue altar of Sif Muna.
  2201 | D:3      | Found a runed door.
  2374 | D:3      | Noticed Crazy Yiuf
  2385 | D:3      | Killed Crazy Yiuf
  2385 | D:3      | Reached XP level 6. HP: 26/39 MP: 6/6
  3117 | D:4      | Found Asuasirph's Gadget Boutique.
  3147 | D:5      | Entered Level 5 of the Dungeon
  3217 | D:5      | Reached *** piety under Trog
  3229 | D:5      | Reached XP level 7. HP: 44/44 MP: 7/7
  3279 | D:5      | Noticed a dagger
  3279 | D:5      | Noticed a hand axe
  3280 | D:5      | Found a hide-covered altar of Uskayaw.
  3426 | D:5      | Reached skill level 5 in Fighting
  3685 | D:5      | Noticed Pikel
  3700 | D:5      | Killed Pikel
  3700 | D:5      | Reached skill level 5 in Axes
  3700 | D:5      | Reached skill level 5 in Armour
  3700 | D:5      | Reached XP level 8. HP: 51/51 MP: 8/8
  4127 | D:5      | Noticed Menkaure
  4134 | D:5      | Killed Menkaure
  4212 | D:5      | Found a snail-covered altar of Cheibriados.
  4482 | D:6      | Reached XP level 9. HP: 40/56 MP: 9/9
  4648 | D:6      | Reached skill level 5 in Dodging
  4784 | D:6      | Reached **** piety under Trog
  5547 | D:7      | Reached skill level 1 in Bows
  5616 | D:7      | Found a staircase to the Ecumenical Temple.
  5664 | D:7      | Found a sand-covered staircase.
  5672 | Ossuary  | Entered an ossuary
  5817 | Ossuary  | Reached ***** piety under Trog
  5985 | D:7      | Reached XP level 10. HP: 36/64 MP: 10/10
  6207 | D:7      | Found a deep blue altar of Sif Muna.
  6207 | D:7      | Found an ancient bone altar of Kikubaaqudgha.
  6207 | D:7      | Found a burning altar of Makhleb.
  6207 | D:7      | Found an iron altar of Okawaru.
  6236 | D:7      | Noticed Prince Ribbit
  6251 | D:7      | Killed Prince Ribbit
  6763 | D:7      | Found a basalt altar of Yredelemnul.
  7725 | D:8      | Found Ufabb's Weapon Shoppe.
  7838 | D:9      | Found a hazy altar of Hepliaklqana.
  7935 | D:9      | Found a white marble altar of Elyvilon.
  8060 | D:9      | Noticed Psyche
  8153 | D:8      | Killed Psyche
  8281 | D:9      | Found a staircase to the Lair.
  8456 | Lair:1   | Entered Level 1 of the Lair of Beasts
  8456 | Lair:1   | Noticed a spiny frog
  8463 | Lair:1   | Killed a spiny frog
  8463 | Lair:1   | Reached skill level 5 in Bows
  8473 | Lair:1   | Noticed a spiny frog
  8473 | Lair:1   | Found a frozen archway.
  8491 | Lair:1   | Killed a spiny frog
  8491 | Lair:1   | Reached XP level 11. HP: 17/69 MP: 11/11
  8670 | IceCv    | Entered an ice cave
  8997 | IceCv    | Noticed a white ugly thing
  9026 | IceCv    | Killed a white ugly thing
 10142 | IceCv    | HP: 1/103 [ice beast[an ice statue] (10)]
 10681 | IceCv    | Noticed a white ugly thing
 10695 | IceCv    | Killed a white ugly thing
 10873 | IceCv    | Received a gift from Trog
 10891 | IceCv    | Got a turquoise-encrusted scale mail
 10948 | IceCv    | Identified the +5 scale mail "Ciri" {-Cast rF++ Int+4 Dex+4} (You found it in an ice cave)
 12498 | Lair:2   | Reached XP level 12. HP: 18/76 MP: 12/12
 13034 | Lair:2   | Reached skill level 10 in Axes
 13789 | Lair:3   | Received a gift from Trog
 14066 | Lair:3   | Reached skill level 10 in Fighting
 14161 | Lair:3   | Found a staircase to the Swamp.
 14809 | Lair:4   | Found a labyrinth entrance.
 14818 | Lab      | Entered a labyrinth
 15126 | Lab      | Reached skill level 10 in Armour
 15370 | Lab      | Noticed a minotaur
 15389 | Lab      | HP: 4/115 [minotaur/rod of inaccuracy (19)]
 15422 | Lab      | Got a pair of fine boots
 15515 | Lab      | HP: 4/115 [minotaur/rod of inaccuracy (6)]
 15515 | Lab      | Identified a +1 rod of inaccuracy (1/9)
 15515 | Lab      | Slain by a minotaur

Skill      XL: |  1  2  3  4  5  6  7  8  9 10 11 12 |
---------------+-------------------------------------+-----
Axes           | 3 4 5 7 8 9 10 | 10.7
Dodging        | 2 3 4 5 6 7 |  7.8
Fighting       | 4 5 6 7 8 9 10 | 10.2
Armour         | 3 4 5 6 7 8 9 10 | 10.0
Bows           | 2 5 7 9 |  9.1

Action                   |  1- 3 |  4- 6 |  7- 9 | 10-12 || total
-------------------------+-------+-------+-------+-------++-------
Melee: Hand axe          |   102 |   219 |   493 |   900 ||  1714
       Battleaxe         |       |       |       |     4 ||     4
 Fire: Shortbow          |       |       |    14 |   151 ||   165
       Longbow           |       |       |       |   223 ||   223
Invok: Berserk           |       |       |     8 |    13 ||    21
       Burn Spellbooks   |       |       |       |     6 ||     6
       Trog's Hand       |       |       |       |     1 ||     1
       Brothers in Arms  |       |       |       |     1 ||     1
  Use: Scroll            |       |     7 |     8 |     5 ||    20
       Potion            |       |       |       |     1 ||     1
 Stab: Distracted        |       |       |       |     1 ||     1
  Eat: Chunk             |       |    17 |    15 |    50 ||    82
       Meat ration       |       |       |       |     3 ||     3
       Pizza             |       |       |       |     2 ||     2
       Beef jerky        |       |       |       |     1 ||     1
Armor: Animal skin       |    28 |       |       |       ||    28
       Ring mail         |    28 |    99 |   254 |   193 ||   574
       Scale mail        |       |       |       |   275 ||   275
Dodge: Dodged            |    91 |   138 |   296 |   669 ||  1194
